 Dungeon Crawl Stone Soup version 0.17-a0-1378-g281efdd (webtiles) character file.

1298 onwiheg the Cleaver (level 8, -6/96 HPs)
             Began as a Hill Orc Berserker on June 14, 2015.
             Was an Elder of Trog.
             Mangled by a troll (14 damage)
             ... on level 7 of the Dungeon.
             The game lasted 00:16:23 (5323 turns).

onwiheg the Cleaver (Hill Orc Berserker)            Turns: 5323, Time: 00:16:24

Health: -6/96      AC:  4    Str: 23    XL:     8   Next: 56%
Magic:  26/26      EV: 12    Int:  7    God:    Trog [****..]
Gold:   34         SH:  0    Dex: 10    Spells: 0 memorised, 7 levels left

rFire  + + +     SeeInvis .     m - +0 war axe
rCold  . . .     Clarity  .     G - +1 robe of an ice cave {rElec rF+++ MP+9 Str-4}
rNeg   . . .     SustAt   .     (no shield)
rPois  .         Gourm    .     I - +0 helmet
rElec  +         Spirit   .     (no cloak)
rCorr  .         Warding  .     (no gloves)
rMut   .         Stasis   .     (no boots)
MR     .....                    (no amulet)
Stlth  ..........               H - ring of magical power
                                g - ring of loudness (curse)

@: berserking, very quick, not resistant to hostile enchantments, extremely
unstealthy
A: no striking features
a: Burn Spellbooks, Berserk, Trog's Hand, Brothers in Arms, Renounce Religion


You were on level 7 of the Dungeon.
You worshipped Trog.
Trog was greatly pleased with you.
You were hungry.

You visited 1 branch of the dungeon, and saw 7 of its levels.

You collected 286 gold pieces.
You spent 252 gold pieces at shops.

Inventory:

Hand weapons
 a - a +0 hand axe
 m - a +0 war axe (weapon)
 s - a +0 blowgun
Missiles
 n - 59 poisoned needles
Armour
 b - a +0 animal skin
 o - a +1 robe of cold resistance
 C - a +0 plate armour
 G - the +1 robe of an ice cave (worn) {rElec rF+++ MP+9 Str-4}
   (You found it on level 6 of the Dungeon)

   It affects your strength (-4).
   It renders you almost immune to fire.
   It insulates you from electricity.
   It affects your magic capacity (+9).
 I - a +0 helmet (worn)
Jewellery
 g - a cursed ring of loudness (left hand)
 j - an uncursed ring of fire
 H - a ring of magical power (right hand)
Magical devices
 x - a wand of cold (8)
Scrolls
 e - 6 scrolls of remove curse {unknown}
 i - a scroll of immolation {unknown}
 l - 2 scrolls of enchant armour {unknown}
 q - 3 scrolls of teleportation {unknown}
 r - a scroll of recharging {unknown}
 t - a scroll of fog {unknown}
 u - 4 scrolls of amnesia {unknown}
 y - 2 scrolls of identify {unknown}
 D - a scroll of fear {unknown}
Potions
 f - a potion of resistance
 h - a potion of brilliance {unknown}
 k - a potion of invisibility {unknown}
 w - a potion of might {unknown}
 A - a potion of agility {unknown}
 B - 2 potions of poison {unknown}
 E - a potion of beneficial mutation {unknown}
 F - a potion of haste
 J - 2 potions of curing
 K - a potion of heal wounds
Comestibles
 c - 3 bread rations
 d - 3 fruits
 p - a beef jerky
 v - 3 meat rations
 z - a slice of pizza
 L - 3 chunks of flesh


   Skills:
 - Level 3.6 Fighting
 + Level 13.2 Axes
 - Level 2.1 Armour
 - Level 1.5 Dodging


You had 7 spell levels left.
You didn't know any spells.

Dungeon Overview and Level Annotations

Branches:
Dungeon (7/15)             Temple (0/1) D:6

Altars:
Kikubaaqudgha
Trog

Shops:
D:6 !

Annotations:
D:4 Steifyn's ghost, average TrMo


Message History

You closely miss the troll.
The troll is lightly wounded.
Use which ability? (? or * to list)
A red film seems to cover your vision as you go berserk!
You feel yourself moving faster!
You feel mighty!
You are feeling hungry.
The troll bites you! The troll claws you!
* * * LOW HITPOINT WARNING * * *
The troll claws you.
* * * LOW HITPOINT WARNING * * *
You hit the troll.
The troll is lightly wounded.
The troll bites you but does no damage. The troll closely misses you.
The troll claws you but does no damage.
You slice the troll!!
The troll is heavily wounded.
The troll bites you.
* * * LOW HITPOINT WARNING * * *
The troll claws you but does no damage. The troll claws you!
You die...

############
#..........#
#...<......#
#...@T.....#
#..........#
#).........#
##.##.######
... #.# ....
).# ###..
... #. .#.


You could see a troll.

Vanquished Creatures
  Sigmund (D:4)
  A sky beast (D:4)
  An ogre (D:6)
  2 giant frogs (D:6)
  A scorpion (D:5)
  5 crimson imps
  2 hounds
  A jelly (D:5)
  A giant frog zombie (D:6)
  3 orc priests (D:6)
  Natasha (thrice) (D:4)
  2 iguanas (D:6)
  3 worker ants
  3 orc wizards (D:3)
  7 adders
  A shadow imp (D:5)
  An ooze (D:4)
  6 giant geckos
  12 orcs
  5 giant cockroaches
  11 hobgoblins
  7 jackals
  2 quokkas
  A ball python (D:6)
  7 bats
  4 giant newts
  6 goblins
  A jackal skeleton (D:6)
  10 kobolds
  15 rats
125 creatures vanquished.

Vanquished Creatures (others)
  A human (D:2)
1 creature vanquished.

Grand Total: 126 creatures vanquished

Notes
Turn   | Place    | Note
--------------------------------------------------------------
     0 | D:1      | onwiheg the Hill Orc Berserker began the quest for the Orb.
     0 | D:1      | Reached XP level 1. HP: 19/19 MP: 1/1
   270 | D:1      | Reached XP level 2. HP: 13/26 MP: 2/2
   454 | D:1      | Reached skill level 5 in Axes
   790 | D:1      | Acquired Trog's second power
  1006 | D:2      | Reached XP level 3. HP: 31/31 MP: 3/3
  1324 | D:2      | Found an ancient bone altar of Kikubaaqudgha.
  1325 | D:2      | Noticed a human
  1328 | D:2      | Killed a human
  1496 | D:2      | Reached skill level 6 in Axes
  1939 | D:3      | Reached XP level 4. HP: 37/39 MP: 4/4
  1953 | D:3      | Reached skill level 7 in Axes
  1953 | D:3      | Reached XP level 5. HP: 23/45 MP: 5/5
  2128 | D:3      | Reached skill level 8 in Axes
  2534 | D:4      | Noticed Sigmund
  2541 | D:4      | Killed Sigmund
  2541 | D:4      | Reached skill level 9 in Axes
  2541 | D:4      | Reached XP level 6. HP: 51/51 MP: 6/6
  2793 | D:4      | Noticed Steifyn's ghost (average TrMo)
  2860 | D:4      | Noticed Natasha
  2861 | D:4      | Noticed a sky beast
  2867 | D:4      | Killed Natasha
  2882 | D:4      | Killed a sky beast
  2882 | D:4      | Reached skill level 10 in Axes
  2882 | D:4      | Reached XP level 7. HP: 3/57 MP: 7/7
  3173 | D:4      | Noticed Natasha
  3185 | D:4      | Killed Natasha
  3323 | D:4      | Noticed Natasha
  3328 | D:4      | Killed Natasha
  3537 | D:5      | Entered Level 5 of the Dungeon
  3891 | D:5      | Reached skill level 11 in Axes
  3916 | D:5      | Acquired Trog's third power
  4399 | D:6      | Reached skill level 12 in Axes
  4399 | D:6      | Reached XP level 8. HP: 64/64 MP: 8/8
  4456 | D:6      | Got an ichor-stained robe
  4470 | D:6      | Identified the +1 robe of an ice cave {rElec rF+++ MP+9 Str-4} (You found it on level 6 of the Dungeon)
  4758 | D:6      | Found a staircase to the Ecumenical Temple.
  4810 | D:6      | Found a bloodstained altar of Trog.
  4885 | D:6      | Reached skill level 13 in Axes
  4902 | D:6      | Found Listrual's Distillery.
  4914 | D:6      | Bought a potion of haste for 140 gold pieces
  4914 | D:6      | Bought a potion of curing for 42 gold pieces
  4914 | D:6      | Bought a potion of heal wounds for 70 gold pieces
  5312 | D:7      | Noticed a troll
  5323 | D:7      | Mangled by a troll

Vault maps used:
D:1:      minmay_arrival_shattered_statue, hangedman_decor_growths
D:2:      first_bread, tgw_kikubaaqudgha
D:3:      nrook_mini_vaults
D:4:      uniq_sigmund, uniq_natasha
D:6:      lemuel_doored_altar, serial_shops, shop, kennysheep_decorative_pillar,
          grunt_ministairs_14, nicolae_benzene_ring, kennysheep_potato
D:7:      uniq_joseph

Action                   |  1- 3 |  4- 6 |  7- 9 || total
-------------------------+-------+-------+-------++-------
Melee: Hand axe          |    82 |       |       ||    82
       War axe           |    20 |    83 |   190 ||   293
Invok: Berserk           |       |     2 |     3 ||     5
  Eat: Chunk             |     3 |     5 |    10 ||    18
